 Dungeon Crawl Stone Soup version 0.31-a0-150-g89dc3ad700 (webtiles) character file.

Game seed: 9179139705880068617

50 qw the Shooter (level 3, -1/23 HPs)
             Began as a Gargoyle Hunter on June 8, 2023.
             Slain by a cerulean imp
             ... wielding a +2 spear
             ... summoned by Natasha
              (4 damage)
             ... on level 2 of the Dungeon.
             The game lasted 00:00:27 (1016 turns).

qw the Shooter (Gargoyle Hunter)                    Turns: 1016, Time: 00:00:27

Health: -1/23      AC:  6    Str: 20    XL:     3   Next: 79%
Magic:  3/3        EV: 11    Int:  9    God:
Gold:   21         SH:  0    Dex: 15    Spells: 2/2 levels left

rFire   . . .        Y - +0 shortbow
rCold   . . .        (shield currently unavailable)
rNeg    + . .        c - +0 leather armour
rPois   inf          (no helmet)
rElec   +            (no cloak)
rCorr   .            (no gloves)
SInv    .            (no boots)
Will    .....        g - amulet of faith
Stlth   ++           j - +6 ring of strength
HPRegen 0.23/turn    (no ring)
MPRegen 0.08/turn

%: faith
@: slowed, very slow
A: sickness immunity, AC +3, negative energy resistance 1, electricity
resistance, torment resistance 1, petrification resistance
a: no special abilities


You were on level 2 of the Dungeon.
You visited 1 branch of the dungeon, and saw 2 of its levels.

You collected 21 gold pieces.


Innate Abilities, Weirdness & Mutations

You are immune to sickness and miasma.
Your stone body is resilient. (AC +3)
You are immune to poison.
You resist negative energy. (rN+)
You are resistant to electric shocks. (rElec)
You are resistant to unholy torment.
You are immune to petrification.


   Skills:
 - Level 3.0 Fighting
 + Level 5.0 Ranged Weapons
 - Level 1.5 Dodging
 - Level 1.1 Stealth


You had 2 spell levels left.
You didn't know any spells.
Your spell library was empty.

Inventory:

Hand Weapons
 Y - a +0 shortbow (weapon)
Armour
 c - a +0 leather armour (worn)
Jewellery
 g - an amulet of faith (around neck)
 j - a +6 ring of strength (left hand)
Scrolls
 a - a scroll of enchant armour {unknown}
Potions
 b - a potion of cancellation {unknown}
 d - a potion of degeneration {unknown}
 f - 2 potions of attraction {unknown}
 i - a potion of enlightenment {unknown}

Dungeon Overview and Level Annotations

Branches:
Dungeon (2/15)

Altars:

Annotations:
D:2 Natasha


Message History

Natasha is severely wounded.
Natasha wildly gestures.
Natasha's front paws start to glow.
A worm and a dart slug come into view.
1008 ||| Stepping ~*~*~tactically~*~*~ (outnumbered).
You shoot an arrow. The arrow closely misses Natasha.
You shoot an arrow. The arrow barely misses Natasha.
Natasha casts a spell at you.
You struggle to resist.
Natasha casts a spell at you.
You feel yourself slow down.
You shoot an arrow. The arrow hits Natasha.
Natasha is severely wounded.
Natasha claws you but does no damage.
You shoot an arrow. The arrow barely misses Natasha.
Natasha claws you. Natasha casts a spell at you.
You feel as though you will be slow longer.
You shoot an arrow. The arrow barely misses Natasha.
Natasha closely misses you.
Natasha mumbles some strange words.
You shoot an arrow. The arrow closely misses Natasha.
Natasha mumbles some strange words.
The cerulean imp hits you but does no damage.
The worm closely misses you.
You shoot an arrow.
The arrow hits Natasha but does no damage.
Natasha is severely wounded.
Natasha barely misses you.
The cerulean imp hits you from afar with a +2 spear.
The cerulean imp hits you with a +1 spear.
The cerulean imp barely misses you. Natasha claws you. The worm bites you.
You shoot an arrow. The arrow completely misses Natasha.
The cerulean imp closely misses you.
The cerulean imp hits you from afar with a +2 spear.
Natasha stares at you and mumbles some strange words.
The magic dart hits you! The worm barely misses you.
The cerulean imp closely misses you.
The cerulean imp hits you from afar with a +2 spear.
You die...

.# ..# ...# #####
###...# #... ##.....w
####.#####.5.....
#######........h$w#
......#.##..#.##@5#
..##..#.##..#..........#
......#.##.....#..##.#.#
.........%#.#.##.... ..
......#.....#.##.##. ##
.................# ..
......###..####### ..
..##.#....... ..#
####.#.. ##..#


You could see a worm, Natasha (empowered) and 2 cerulean imps.

Vanquished Creatures
  2 dart slugs (D:1)
  4 bats
  2 endoplasms (D:1)
  4 giant cockroaches
  6 hobgoblins (D:1)
  7 jackals (D:1)
  A kobold (D:1)
  4 quokkas (D:1)
  3 ball pythons (D:1)
  A frilled lizard (D:1)
  4 rats (D:1)
38 creatures vanquished.

Notes
Turn   | Place    | Note
-------+----------+-------------------------------------------
     0 | D:1      | qw the Gargoyle Hunter began the quest for the Orb.
     0 | D:1      | Reached XP level 1. HP: 12/12 MP: 1/1
     0 | D:1      | 0 ||| qw: Version: 0.2-a-120-gdf1a93b
     0 | D:1      | 0 ||| qw: Game counter: 2950
     0 | D:1      | 0 ||| qw: Always use a shield: true
     0 | D:1      | 0 ||| qw: God list: Okawaru
     0 | D:1      | 0 ||| qw: Allow faded altars: false
     0 | D:1      | 0 ||| qw: Do Orc after D:15 true
     0 | D:1      | 0 ||| qw: Do second Lair branch before Depths: true
     0 | D:1      | 0 ||| qw: Lair rune preference: random
     0 | D:1      | 0 ||| qw: Plans: Normal
     0 | D:1      | 0 ||| PLANNING D:1-11
    70 | D:1      | Reached XP level 2. HP: 15/17 MP: 2/2
   292 | D:1      | Reached XP level 3. HP: 13/21 MP: 3/3
   359 | D:1      | Reached skill level 5 in Ranged Weapons
   697 | D:1      | HP: 5/22 [jackal (2)]
   847 | D:1      | 847 ||| UPGRADING to amulet of faith.
   852 | D:1      | 852 ||| UPGRADING to +6 ring of strength.
   853 | D:1      | 853 ||| READING scroll labelled SELIKH WAAQYW.
   854 | D:1      | 854 ||| READING 2 scrolls labelled SAJ UTOASIZ.
   855 | D:1      | 855 ||| DROPPING scroll of butterflies.
   856 | D:1      | 856 ||| DROPPING scroll of amnesia.
   997 | D:2      | Reached skill level 3 in Fighting
  1001 | D:2      | Noticed Natasha
  1008 | D:2      | 1008 ||| Stepping ~*~*~tactically~*~*~ (outnumbered).
  1016 | D:2      | HP: 3/23 [Natasha/magic dart (8)]
  1016 | D:2      | Slain by a cerulean imp

Levels and vault maps discovered:
D:1:      sevenhm_arrival_forest_fort_large_3, layout_basic, minmay_liquid_box
D:2:      layout_loops_cross, minmay_misc_feat_diagonals, uniq_natasha

Skill      XL: |  1  2  3 |
---------------+----------+-----
Ranged Weapons | 5 |  5.0
Fighting       | 3 |  3.0
Dodging        | |  1.5
Stealth        | |  1.1

Action                     || total
---------------------------++-------
   Fire: Shortbow          ||   125
    Use: Scroll            ||     2
 Armour: Leather armour    ||    45
  Dodge: Dodged            ||    63

Table legend:
 A = Non-vault XP
 B = Vault XP
 C = Vault XP percentage of total XP
 D = Non-vault monster count
 E = Vault monster count
 F = Vault count percentage of total count
                 A         B        C        D         E       F
            +---------+---------+-------+---------+---------+-------
      Total |      72 |       0 |   0.0 |      38 |       0 |   0.0
            +---------+---------+-------+---------+---------+-------
        D:1 |      66 |       0 |   0.0 |      35 |       0 |   0.0
        D:2 |       6 |       0 |   0.0 |       3 |       0 |   0.0
            +---------+---------+-------+---------+---------+-------
